Map: Ultralove

Players

LigerMaNN - Winner!

  • Race: Zerg Zerg
  • League: Diamond
  • Spawn Location: 1:00

Peej

  • Race: Protoss Protoss
  • League: Diamond
  • Spawn Location: 7:00

VOD

Have the link to the VOD?

Description

Time

  • Played on: June 28, 2025, 3:48 p.m.
  • Length: 4:15
Show
View Real Time Build Order
Export as new Build Order

LigerMaNN Zerg - Winner!

Build Orders: Hatch First 

Get SALT Encoding   

  12  0:01  Drone  
  13  0:12  Overlord  
  13  0:16  Drone  
  14  0:31  Drone  
  14  0:32  Drone  
  16  0:47  Hatchery  
  15  0:51  Drone  
  15  0:55  Drone  
  17  0:58  Drone  
  18  1:09  Extractor  
  17  1:15  Spawning Pool  
  16  1:25  Drone x2  
  18  1:28  Drone  
  19  1:38  Overlord  
  19  2:03  Zergling x6  
  19  2:06  Queen  
  24  2:12  Queen  
  26  2:20  Drone x2  
  28  2:32  Zergling x6  
  28  2:33  Zergling x2  
  32  2:38  Metabolic Boost  
  32  2:47  Zergling x4  
  31  3:11  Zergling x8  
  35  3:21  Baneling Nest  
  34  3:28  Hatchery  
  33  3:34  Overlord  
  33  3:35  Overlord  
  33  3:37  Zergling x4  
Show
View Real Time Build Order
Export as new Build Order

Peej Protoss 

Build Orders:  

Get SALT Encoding   

  12  0:00  Probe  
  13  0:12  Probe  
  14  0:22  Pylon  
  14  0:24  Probe  
  15  0:36  Probe  
  16  0:44  Probe  
  17  0:54  Probe  
  18  1:11  Nexus  
  18  1:15  Forge  
  18  1:49  Probe  
  19  1:54  Nexus  
  19  1:58  Pylon  
  19  2:10  Gateway, Photon Cannon  
  19  2:18  Pylon  
  19  2:24  Photon Cannon  
  19  2:27  Probe  
  19  2:35  Probe  
  20  2:39  Probe  
  21  2:55  Gateway  
  21  3:07  Photon Cannon  
  21  3:13  Zealot  
  21  3:18  Probe  
  21  3:19  Probe  
  25  3:34  Cybernetics Core  
  25  3:37  Probe x3  
  28  3:43  Gateway  
  28  3:48  Pylon  
  28  3:49  Probe  
  28  3:52  Probe  
  28  3:54  Probe  
  31  4:01  Probe  
Tags
 
Matchup
PvZ
Replay Pack
June 2025
Spawn Locations
Cross Positions
Add a new tag
Caveats
  • Supply blocks, unpowered buildings, or Contaminate may cause inaccurate times.
  • Supply counts are checked every 10 seconds.